 Dungeon Crawl Stone Soup version 0.31-a0-986-g5e6e4ef867 (webtiles) character file.

Game seed: 1296885918942285942

129 avis the Ducker (level 4, 19/19 HPs)
             Began as a Felid Artificer on Nov 7, 2023.
             Was an Initiate of Gozag.
             Got out of the dungeon alive.
             The game lasted 00:14:30 (3170 turns).

avis the Ducker (Felid Artificer)                   Turns: 3170, Time: 00:14:31

Health: 19/19      AC:  1    Str: 10    XL:     4   Next: 88%
Magic:  5/5        EV: 22    Int: 12    God:    Gozag
Gold:   250        SH:  0    Dex: 22    Spells: 3/3 levels left
                                        Lives:  0   Deaths: 2

rFire   + .          .
                       - Unarmed
rCold   . . .        (shield unavailable)
rNeg    . . .        (body armour unavailable)
rPois   .            (helmet unavailable)
rElec   .            (cloak unavailable)
rCorr   .            (gloves unavailable)
SInv    +            (boots unavailable)
Will    .....        (no amulet)
Stlth   ++           d - +6 ring of dexterity
HPRegen 0.23/turn    j - ring of protection from fire
MPRegen 0.09/turn

%: no passive effects
@: quick
A: very small, claws 1, fangs 3, see invisible, speed 1, shaggy fur 1, stealthy
paws, no weapons or thrown items, no armour, multi-lived
a: Renounce Religion, Potion Petition, Call Merchant, Bribe Branch


You escaped.
You worshipped Gozag.
Gozag was aware of your devotion.
You visited 1 branch of the dungeon, and saw 4 of its levels.

You collected 308 gold pieces.
You paid 58 gold pieces to Gozag.

Inventory:

Jewellery
 d - a +6 ring of dexterity (left paw)
 j - a ring of protection from fire (right paw)
Wands
 a - a wand of flame (15) (quivered)
 b - a wand of charming (15)
 c - a wand of iceblast (5)
Scrolls
 f - a scroll of vulnerability
 h - a scroll of teleportation
 p - a scroll of enchant weapon
Potions
 e - 2 potions of curing
 i - a potion of invisibility
 k - a potion of haste
 m - a potion of magic {unknown}
 n - a potion of enlightenment {unknown}


   Skills:
 - Level 2.0 Fighting
 - Level 6.0 Dodging
 - Level 1.3 Stealth
 * Level 1.5 Unarmed Combat
 - Level 3.5 Evocations


You had 3 spell levels left.
You didn't know any spells.
Your spell library contained the following spells:

 Spells                   Type           Power      Damage    Failure   Level
 Inner Flame              Hex/Fire       0%         N/A       69%         3
 Flame Wave               Conj/Fire      0%         2d4       97%         4
 Sticky Flame             Conj/Fire      0%         2d3       97%         4


Dungeon Overview and Level Annotations

Branches:
Dungeon (4/15)
 Temple: D:4-7

Altars:
Gozag
Nemelex Xobeh

Shops:
D:1 :

Annotations:
D:1 Treasure in flames
D:4 Menkaure, Natasha


Innate Abilities, Weirdness & Mutations

You have sharp claws.
You have razor-sharp teeth.
You have supernaturally acute eyesight. (SInv)
You cover ground quickly. (Speed+)
You are covered in fur. (AC +1)
Your paws help you pounce on unaware monsters.
You are incapable of wielding weapons or throwing items.
You cannot wear armour.
You gain extra lives every three experience levels.


Message History

You scratch the gnoll. Your bite misses the gnoll.
The gnoll is lightly wounded.
The hobgoblin hits you. The gnoll hits you with a +0 spear.
You scratch the gnoll.
The gnoll is moderately wounded.
The hobgoblin misses you. The gnoll hits you with a +0 spear.
You completely miss the gnoll.
The gnoll is moderately wounded.
The hobgoblin completely misses you. The gnoll closely misses you.
You scratch the gnoll.
The gnoll is heavily wounded.
The hobgoblin closely misses you. The gnoll barely misses you.
You scratch the gnoll but do no damage.
The gnoll is heavily wounded.
The hobgoblin completely misses you. The gnoll completely misses you.
You barely miss the gnoll.
The gnoll is heavily wounded.
The hobgoblin completely misses you. The gnoll completely misses you.
You scratch the gnoll but do no damage.
The gnoll is heavily wounded.
The hobgoblin hits you.
* * * LOW HITPOINT WARNING * * *
You closely miss the gnoll.
The gnoll is heavily wounded.
The gnoll hits you with a +0 spear.
You die...
The hobgoblin barely misses you.
You rejoin the land of the living...
There is a stone staircase leading up here.
You climb upwards.
There is a stone staircase leading down here.
What level of the Dungeon? (default 3, ? - help)
There is a stone staircase leading up here.
You climb upwards.
Level annotation: Treasure in flames
There is a stone staircase leading down here.
There is a large open door here.
There is a large open door here.
There is a staircase leading out of the dungeon here.
You have escaped!

#.#..........#.# #####
#.#..........#.# ....#
#.#.##########.#
....##########..............#####
....'...............[.......>....
....########################.####
.....###############.............
............[.'...##..#####..####
###############.@.##.)..........#
##########...##..####.#....#
#.......###'###..#.........#
#.......###'###..#.##......#
#.⌠.8.⌠.#........#.##.....##
#.......'..>.....#.####.####
#.......#........#.# #..# #
##'###'########.#####...# #
#.....########.# #§§.#


There were no monsters in sight!

Vanquished Creatures
  A hound (D:3)
  A sleepcap (D:4)
  A gnoll (D:3)
  An adder (D:3)
  2 dart slugs
  5 orcs
  5 endoplasms
  2 giant cockroaches
  2 goblins
  A hobgoblin (D:1)
  3 quokkas
  7 ball pythons
  5 bats
  3 frilled lizards
  2 kobolds
  8 rats
49 creatures vanquished.

Vanquished Creatures (others)
  An endoplasm (D:1)
1 creature vanquished.

Grand Total: 50 creatures vanquished

Notes
Turn   | Place    | Note
-------+----------+-------------------------------------------
     0 | D:1      | avis the Felid Artificer began the quest for the Orb.
     0 | D:1      | Reached XP level 1. HP: 9/9 MP: 2/2
   428 | D:1      | Found Ruxkidol's Book Emporium.
   518 | D:1      | Reached skill level 4 in Dodging
   748 | D:1      | Reached XP level 2. HP: 12/12 MP: 3/3
  1181 | D:2      | Reached skill level 1 in Unarmed Combat
  1709 | D:3      | Reached XP level 3. HP: 15/15 MP: 4/4
  1834 | D:3      | Reached skill level 5 in Dodging
  2009 | D:3      | Found an opulent altar of Gozag.
  2009 | D:3      | Found a sparkling altar of Nemelex Xobeh.
  2024 | D:3      | Became a worshipper of Gozag Ym Sagoz the Greedy
  2845 | D:4      | Noticed Menkaure
  2914 | D:3      | Identified the +0 leather armour "Gawuh" {rC+}
  2959 | D:4      | Reached XP level 4. HP: 19/19 MP: 5/5
  3023 | D:4      | Slain by a hound
  3040 | D:4      | Noticed Natasha
  3050 | D:4      | Noticed an ogre
  3081 | D:3      | Reached skill level 6 in Dodging
  3118 | D:3      | Slain by a gnoll
  3170 | D:$      | Got out of the dungeon alive.

Illustrated notes

Levels and vault maps discovered:
D:1:      dpeg_arrival_simpleton_b, layout_basic, serial_shops,
          nicolae_shop_tiny_statue_garden, lemuel_flame_loot_1
D:2:      layout_basic
D:3:      minmay_door_path, layout_basic, grunt_temple_overflow_opulence,
          serial_bayou, serial_bayou_shore_b, serial_bayou_crossing,
          serial_bayou_pond_c, serial_bayou_shore_b, serial_bayou_lagoon_a,
          serial_bayou_shore_b, minmay_misc_feat_five
D:4:      layout_layer_cave, portal_sewer_entry_e, st_stairs_5, uniq_robin,
          uniq_menkaure, uniq_natasha

Skill      XL: |  1  2  3  4 |
---------------+-------------+-----
Dodging        | 4 5 6 |  6.0
Unarmed Combat | 1 |  1.5
Fighting       | 2 |  2.0
Stealth        | |  1.3
Evocations     | |  3.5

Action                     |  1- 3 |  4- 6 || total
---------------------------+-------+-------++-------
  Melee: Unarmed           |   159 |    34 ||   193
         Bite              |    15 |     5 ||    20
         Punch             |     1 |       ||     1
    Use: Scroll            |     8 |       ||     8
   Stab: Sleeping          |     5 |       ||     5
         Distracted        |     2 |       ||     2
 Armour: Skin              |    29 |    14 ||    43
  Dodge: Dodged            |   129 |    49 ||   178

Table legend: (Time is in decaauts)
 A = Elapsed time spent in this place.
 B = Non-inter-level travel time spent in this place.
 C = Inter-level travel time spent in this place.
 D = Time resting spent in this place.
 E = Time spent auto-exploring this place.
 F = Levels seen in this place.
 G = Mean time per level.
                   A        B        C        D        E       F      G
               +--------+--------+--------+--------+--------+-----+--------+
         Total |   2673 |   2333 |    340 |    189 |   1453 |   4 |  668.2 |
       Dungeon |   2673 |   2333 |    340 |    189 |   1453 |   4 |  668.2 |
               +--------+--------+--------+--------+--------+-----+--------+

Top non-repeatable levels by time:
     D:3: 1057 daAuts
     D:1: 944 daAuts
     D:2: 526 daAuts
     D:4: 146 daAuts
